 Dungeon Crawl Stone Soup version 0.19.0-20-gbc5f0c6 (webtiles) character file.

214 Gargoyl the Distorting Demonspawn (level 5, 0/42 HPs)
             Began as a Demonspawn Abyssal Knight on Nov 17, 2016.
             Was a Believer of Lugonu.
             Slain by a wraith (9 damage)
             ... in an ossuary.
             The game lasted 00:07:24 (3827 turns).

Gargoyl the Distorting Demonspawn (DsAK)            Turns: 3827, Time: 00:07:24

Health: 0/42       AC:  8    Str: 11 (14) XL:     5   Next: 59%
Magic:  8/8        EV: 15    Int: 12 (13) God:    Lugonu [**....]
Gold:   136        SH:  0    Dex: 17      Spells: 0 memorised, 4 levels left

rFire  + . .     SeeInvis +     a - +1 hand axe
rCold  . . .     Gourm    .     o - +0 chain mail
rNeg   . . .     Faith    .     (no shield)
rPois  .         Spirit   .     u - +0 helmet
rElec  .         Reflect  .     f - +0 cloak
rCorr  .         Harm     .     (no gloves)
MR     .....                    (no boots)
Stlth  ..........               (no amulet)
                                w - ring of protection from fire
                                d - +5 ring of evasion

@: agile, slowed, very slow
A: hooves 2, see invisible, deformed body, powered by pain 1, shaggy fur 1
a: Depart the Abyss, Bend Space, Renounce Religion


You were in an ossuary.
You worshipped Lugonu.
Lugonu was pleased with you.
You were very hungry.

You visited 1 branch of the dungeon, and saw 4 of its levels.
You visited the Abyss 1 time.
You also visited: Ossuary.

You collected 136 gold pieces.

Inventory:

Hand Weapons
 a - a +1 hand axe (weapon)
Armour
 f - a +0 cloak (worn)
 o - a +0 chain mail (worn)
 u - a +0 helmet (worn)
Jewellery
 d - a +5 ring of evasion (left hand)
 w - a ring of protection from fire (right hand)
Scrolls
 b - a scroll of blinking
 e - a scroll of fear {unknown}
 g - 2 scrolls of remove curse
 k - 2 scrolls of amnesia
 n - 5 scrolls of teleportation {unknown}
 q - a scroll of noise {unknown}
 r - 2 scrolls of identify
 t - a scroll of enchant armour {unknown}
 v - a scroll of random uselessness {unknown}
 x - 2 scrolls of fog {unknown}
Potions
 p - a potion of degeneration
Comestibles
 c - 4 bread rations
 h - 4 fruits


   Skills:
 + Level 3.7 Fighting
 + Level 3.1 Axes
 * Level 3.0 Armour
 + Level 1.7 Dodging
 * Level 4.0 Invocations


You had 4 spell levels left.
You didn't know any spells.

Dungeon Overview and Level Annotations

Branches:
Dungeon (4/15)
 Temple: D:4-7

Altars:
Fedhas
Makhleb
Sif Muna
Uskayaw

Annotations:
D:3 exclusion: oklob plant


Innate Abilities, Weirdness & Mutations

You have hoof-like feet.
You sometimes gain a little power by taking damage.
You have supernaturally acute eyesight. (SInv)
Armour fits poorly on your strangely shaped body.
You are covered in fur. (AC +1)


Message History

The wraith barely misses you. The wraith hits you.
The wraith drains your vigour!
You feel as though you will be slow longer.
Your chain mail prevents you from hitting the wraith.
The wraith hits you but does no damage. The wraith closely misses you.
You completely miss the wraith. Your kick misses the wraith.
The wraith hits you! The wraith drains your vigour!
You feel as though you will be slow longer.
The wraith misses you.
You barely miss the wraith. The wraith misses you.
You hit the wraith but do no damage. The wraith closely misses you.
The wraith hits you.
* * * LOW HITPOINT WARNING * * *
The wraith drains your vigour!
You feel as though you will be slow longer.
You hit the wraith but do no damage. Your kick misses the wraith.
The wraith barely misses you. The wraith hits you but does no damage.
Your chain mail prevents you from hitting the wraith.
The wraith hits you!
You die...

......... .........
.....#####+####
....##.........##
...##...#####...##
..##...##...##...##
..#...##..!!.##...#
..'...#..?!!!.'...+....#
..#...##...!.##W@.#....#
..##...##...##...##....#
...##...#####...##.....#
....##.........##......#
.....#####+#####.......#
.....................∩.#
.......................#
#########'''############
#...####


You could see a wraith.

Vanquished Creatures
  2 orc priests
  An orc wizard (D:4)
  A mummy (Ossuary)
  Robin (D:3)
  2 adders
  A leopard gecko (D:1)
  3 orcs
  3 giant cockroaches
  11 goblins
  7 hobgoblins
  4 jackals (D:1)
  A quokka (D:3)
  A ball python (D:1)
  9 bats
  7 frilled lizards
  3 gnoll skeletons (Ossuary)
  7 kobolds
  6 kobold skeletons (Ossuary)
  A leopard gecko skeleton (D:4)
  12 orc skeletons (Ossuary)
  12 rats
95 creatures vanquished.

Vanquished Creatures (others)
  A fungus (D:3)
  A lurking horror (Abyss:2)
2 creatures vanquished.

Grand Total: 97 creatures vanquished

Notes
Turn   | Place    | Note
-------+----------+-------------------------------------------
     0 | Abyss:1  | Gargoyl the Demonspawn Abyssal Knight began the quest for the Orb.
     0 | Abyss:1  | Reached XP level 1. HP: 18/18 MP: 2/2
    71 | Abyss:1  | Noticed a large abomination
   117 | Abyss:1  | Noticed a small abomination
   220 | Abyss:2  | Noticed a spatial vortex
   257 | Abyss:3  | Noticed a rakshasa
   258 | D:1      | Escaped the Abyss
   553 | D:1      | Gained mutation: You sometimes gain a little power by taking damage. [demonic ancestry]
   553 | D:1      | Reached XP level 2. HP: 23/24 MP: 3/3
   933 | D:1      | Reached skill level 1 in Dodging
  1125 | D:1      | Reached * piety under Lugonu
  1144 | D:1      | Reached XP level 3. HP: 27/29 MP: 5/5
  1749 | D:2      | Found a faded altar of an unknown god.
  1762 | D:2      | Reached skill level 3 in Invocations
  2176 | D:3      | Noticed Robin
  2186 | D:3      | Killed Robin
  2187 | D:3      | Gained mutation: You have large cloven feet. [demonic ancestry]
  2187 | D:3      | Reached XP level 4. HP: 35/35 MP: 6/6
  2243 | D:3      | Found a hide-covered altar of Uskayaw.
  2319 | D:3      | Found a deep blue altar of Sif Muna.
  2841 | D:3      | Found a burning altar of Makhleb.
  2978 | D:3      | Found a blossoming altar of Fedhas.
  2999 | D:3      | Noticed an oklob plant
  3225 | D:4      | Gained mutation: You have hoof-like feet. [demonic ancestry]
  3225 | D:4      | Reached XP level 5. HP: 8/41 MP: 7/7
  3228 | D:4      | Gained mutation: Armour fits poorly on your strangely shaped body. [potion of mutation]
  3228 | D:4      | Gained mutation: You have supernaturally acute eyesight. (SInv) [potion of mutation]
  3228 | D:4      | Gained mutation: You are covered in fur. (AC +1) [potion of mutation]
  3444 | D:4      | Found a sand-covered staircase.
  3449 | Ossuary  | Entered an ossuary
  3449 | Ossuary  | Noticed a wraith
  3449 | Ossuary  | Noticed a wraith
  3449 | Ossuary  | Noticed a wraith
  3459 | Ossuary  | Reached ** piety under Lugonu
  3471 | Ossuary  | Reached skill level 4 in Invocations
  3787 | Ossuary  | Noticed a wraith
  3827 | Ossuary  | Slain by a wraith

Skill      XL: |  1  2  3  4  5 |
---------------+----------------+-----
Armour         | 2 3 |  3.0
Dodging        | 1 |  1.7
Axes           | 2 3 |  3.1
Invocations    | 3 4 |  4.0
Fighting       | |  3.7

Action                   |  1- 3 |  4- 6 || total
-------------------------+-------+-------++-------
Melee: Hand axe          |   118 |   138 ||   256
       Kick              |       |    24 ||    24
Invok: Depart the Abyss  |     1 |       ||     1
  Use: Scroll            |     2 |     6 ||     8
       Potion            |       |     9 ||     9
  Eat: Chunk             |     4 |     4 ||     8
Armor: Leather armour    |    20 |       ||    20
       Chain mail        |    37 |    87 ||   124
Dodge: Dodged            |   114 |    98 ||   212
